 Dungeon Crawl Stone Soup version 0.21.0 (webtiles) character file.

105 Jynx the Changer (level 4, -4/35 HPs)
             Began as a Draconian Transmuter on Jan 6, 2018.
             Slain by Jynx's ghost (8 damage)
             ... on level 3 of the Dungeon.
             The game lasted 00:05:03 (2222 turns).

Jynx the Changer (Draconian Transmuter)             Turns: 2222, Time: 00:05:03

Health: -4/35      AC:  5    Str: 13    XL:     4   Next: 54%
Magic:  1/8        EV: 12    Int: 13    God:
Gold:   169        SH:  0    Dex: 12    Spells: 3/9 levels left

rFire    . . .     SeeInvis +     - Unarmed
rCold    . . .     Gourm    .   (no shield)
rNeg     . . .     Faith    .   (armour unavailable)
rPois    .         Spirit   .   (helmet restricted)
rElec    .         Reflect  .   (no cloak)
rCorr    .         Harm     .   (no gloves)
MR       .....                  (boots currently unavailable)
Stlth    +.........             (no amulet)
HPRegen  0.11/turn              l - ring of see invisible
MPRegen  0.11/turn              (no ring)

@: appendage, very slightly contaminated
A: unfitting armour, talons 3, cold-blooded, AC +5
a: End Transformation


You were on level 3 of the Dungeon.
You were hungry.
You had grown temporary talons.
You visited 1 branch of the dungeon, and saw 3 of its levels.

You collected 169 gold pieces.

Inventory:

Missiles
 a - 6 arrows
Jewellery
 l - a ring of see invisible (left hand)
Wands
 d - a wand of random effects (16)
Scrolls
 f - a scroll of remove curse
 g - 2 scrolls of magic mapping {unknown}
Potions
 e - a potion of flight
 j - 2 potions of curing
 k - a potion of brilliance
 m - 2 potions of heal wounds
 n - 3 potions of cancellation {unknown}
Books
 b - a book of Changes

   Spells                             Type                      Level
   a - Beastly Appendage              Transmutation                1
   b - Sticks to Snakes               Transmutation                2
   c - Spider Form                    Transmutation/Poison         3
   d - Ice Form                       Ice/Transmutation            4
   e - Blade Hands                    Transmutation                5
Comestibles
 c - 8 rations


   Skills:
 - Level 1.1 Fighting
 - Level 1.7 Dodging
 - Level 3.0 Unarmed Combat
 + Level 3.0 Spellcasting
 * Level 4.1 Transmutations


You had 3 spell levels left.
You knew the following spells:

 Your Spells              Type           Power        Failure   Level  Hunger
a - Beastly Appendage     Tmut           ##....       4%          1    #......
b - Sticks to Snakes      Tmut           ##......     6%          2    ###....
c - Spider Form           Tmut/Pois      #.........   28%         3    ###....


Dungeon Overview and Level Annotations

Branches:
Dungeon (3/15)

Altars:
Nemelex Xobeh

Annotations:
D:3 Jynx's ghost, amateur DrTm


Innate Abilities, Weirdness & Mutations

Your plain brown scales are hard. (AC +5)
You cannot fit into any form of body armour.
You are cold-blooded and may be slowed by cold attacks.
You have claws for feet.


Message History

Jynx's ghost is heavily damaged.
Your adder bites Jynx's ghost.
Jynx's ghost completely misses you.
Your adder bites Jynx's ghost.
You closely miss Jynx's ghost.
Jynx's ghost is severely damaged.
Your adder bites Jynx's ghost but does no damage. x2
Jynx's ghost hits you.
* * * LOW HITPOINT WARNING * * *
You hit Jynx's ghost but do no damage.
Jynx's ghost is severely damaged.
Your adder barely misses Jynx's ghost.
Your adder bites Jynx's ghost.
Jynx's ghost hits you.
* * * LOW HITPOINT WARNING * * *
Your adder bites Jynx's ghost but does no damage.
You closely miss Jynx's ghost.
You claw Jynx's ghost, but do no damage.
Jynx's ghost is almost destroyed.
Your adder closely misses Jynx's ghost.
Your adder bites Jynx's ghost.
Jynx's ghost hits you!
You die...

##############
#.......SS.SS#
#.##########W# #.# #@#
..# #.# (..# #.#
....##### #.#
#>.).#...# #.######
'>...#S#.# #.##...#
##....#.#.######.##.#.#
#.#...........#.#
#.########.####.#


You could see Jynx's ghost and 2 friendly adders.

Vanquished Creatures
  4 adders
  2 oozes
  2 dart slugs
  2 leopard geckos
  An orc (D:2)
  2 bats (D:1)
  3 giant cockroaches (D:2)
  4 goblins
  5 hobgoblins
  3 jackals (D:1)
  A quokka (D:3)
  2 ball pythons (D:1)
  4 frilled lizards
  7 kobolds
  7 rats
49 creatures vanquished.

Vanquished Creatures (collateral kills)
  2 worms
2 creatures vanquished.

Grand Total: 51 creatures vanquished

Notes
Turn   | Place    | Note
-------+----------+-------------------------------------------
     0 | D:1      | Jynx the Draconian Transmuter began the quest for the Orb.
     0 | D:1      | Reached XP level 1. HP: 16/16 MP: 3/3
    79 | D:1      | Reached XP level 2. HP: 17/23 MP: 3/5
   439 | D:1      | Found a sparkling altar of Nemelex Xobeh.
   444 | D:1      | Reached skill level 3 in Transmutations
  1117 | D:2      | Reached XP level 3. HP: 28/28 MP: 4/6
  1284 | D:2      | Learned a level 2 spell: Sticks to Snakes
  1288 | D:2      | Learned a level 3 spell: Spider Form
  1449 | D:2      | Found a sparkling altar of Nemelex Xobeh.
  1531 | D:2      | Found a faded altar of an unknown god.
  1600 | D:2      | Reached XP level 4. HP: 35/35 MP: 4/8
  1841 | D:3      | Reached skill level 4 in Transmutations
  2188 | D:3      | Noticed Jynx's ghost (amateur DrTm)
  2222 | D:3      | Slain by Jynx's ghost

Skill      XL: |  1  2  3  4 |
---------------+-------------+-----
Transmutations | 3 4 |  4.1
Spellcasting   | 3 |  3.0
Fighting       | |  1.1
Dodging        | |  1.7
Unarmed Combat | |  3.0

Action                   |  1- 3 |  4- 6 || total
-------------------------+-------+-------++-------
Melee: Unarmed           |   124 |    43 ||   167
       Kick              |    10 |     9 ||    19
       Headbutt          |     6 |     6 ||    12
       Tailslap          |     5 |     2 ||     7
       Punch             |     1 |     2 ||     3
 Cast: Beastly Appendage |    23 |    10 ||    33
       Sticks to Snakes  |     2 |     4 ||     6
  Use: Scroll            |     6 |     6 ||    12
  Eat: Chunk             |     3 |     2 ||     5
Armor: Skin              |    30 |     7 ||    37
Dodge: Dodged            |    83 |    29 ||   112
